 Dungeon Crawl Stone Soup version 0.27.0-1-g7a089689b8 (webtiles) character file.

Game seed: 5451830038994714301

480 zxcv the Magician (level 7, -6/45 HPs)
             Began as a Djinni Hedge Wizard on Aug 9, 2021.
             Blown up by Ijyb (8 damage)
             ... with a mindburst bolt
             ... on level 4 of the Dungeon.
             The game lasted 00:14:11 (5665 turns).

zxcv the Magician (Djinni Hedge Wizard)             Turns: 5665, Time: 00:14:12

Health: -6/45      AC:  3    Str:  9    XL:     7   Next: 34%
Gold:   140        EV: 12    Int: 18    God:
                   SH:  0    Dex: 12

rFire    + + .     SeeInvis .   n - staff of poison
rCold    x . .     Faith    .   (no shield)
rNeg     . . .     Spirit   .   b - +0 robe
rPois    ∞         Reflect  .   c - +0 hat
rElec    .         Harm     .   m - +0 cloak
rCorr    .         Rampage  .   (no gloves)
Will     .....                  (boots unavailable)
Stlth    ++........             (no amulet)
HPRegen  0.15/turn              (no ring)
MPRegen  0.00/turn              (no ring)

@: flying
A: sickness immunity, fire resistance 2, cold vulnerability 1, float, innate
caster, hp casting, extra vitality 1
a: no special abilities


You were on level 4 of the Dungeon.
You visited 1 branch of the dungeon, and saw 4 of its levels.

You collected 140 gold pieces.

Inventory:

Hand Weapons
 a - a +0 dagger
 g - a +3 dire flail of protection
 l - a +3 quarterstaff of chaos
Armour
 b - a +0 robe (worn)
 c - a +0 hat (worn)
 m - a +0 cloak (worn)
Magical Staves
 f - a staff of death
 n - a staff of poison (weapon)
Scrolls
 d - a scroll of torment {unknown}
 e - a scroll of brand weapon {unknown}
 h - a scroll of fear {unknown}
 j - a scroll of amnesia {unknown}
Potions
 k - a potion of attraction {unknown}


   Skills:
 + Level 0.1 Fighting
 + Level 3.0 Dodging
 + Level 2.1 Stealth
 * Level 5.7 Spellcasting


You couldn't memorise any spells.
You knew the following spells:

 Your Spells              Type           Power      Damage    Failure   Level
a - Magic Dart            Conj           100%       1d8       1%          1
b - Blink                 Tloc           N/A        N/A       1%          2
c - Call Imp              Summ           25%        N/A       1%          2
d - Slow                  Hex            25%        N/A       1%          2
e - Conjure Flame         Conj/Fire      25%        6-21      3%          3
f - Mephitic Cloud        Conj/Pois/Air  38%        N/A       3%          3
g - Summon Small Mammal   Summ           100%       N/A       1%          1
h - Searing Ray           Conj           50%        3d5       1%          2
i - Frozen Ramparts       Ice            50%        1d7       3%          3
Your spell library was empty.

Dungeon Overview and Level Annotations

Branches:
Dungeon (4/15)
 Temple: D:4-7

Altars:
Dithmenos

Annotations:
D:4 Eustachio, Ijyb


Innate Abilities, Weirdness & Mutations

You are immune to sickness and miasma.
You are immune to poison.
Your flesh is very heat resistant. (rF++)
You are vulnerable to cold. (rC-)
You float through the air rather than walking.
You learn spells naturally, not from books.
Your magical power is your life essence.
You have superior vitality. (+4 HP)


Message History

Ijyb hits the white imp with a +0 dagger.
Ijyb barely misses herself.
The crimson imp misses your crimson imp.
Your crimson imp hits the crimson imp but does no damage.
The shadow imp hits something.
Casting: Mephitic Cloud (dangerous; 3% risk of failure)
Confirm with . or Enter, or press ? or * to list all spells.
You don't have enough health to cast this spell.
Unknown command.
Okay, then.
You aren't carrying any items that you can evoke.
Unknown command.
Okay, then.
A centaur skeleton comes into view.
Your crimson imp blinks!
You feel a bit more experienced.
Your crimson imp blinks!
Okay, then.
Casting: Mephitic Cloud (dangerous; 3% risk of failure)
Confirm with . or Enter, or press ? or * to list all spells.
You don't have enough health to cast this spell.
Casting: Mephitic Cloud (dangerous; 3% risk of failure)
Confirm with . or Enter, or press ? or * to list all spells.
You blink.
* * * LOW HITPOINT WARNING * * *
Found a shadowy altar of Dithmenos.
Okay, then.
Okay, then.
Blink to where?
Press: ? - help, Dir - move target
As you read the scroll labelled JAZ PE EGIGAT, it crumbles to dust.
It was a scroll of blinking.
An ogre comes into view. It is wielding a +0 giant club.
Blink to where?
Press: ? - help, Dir - move target
As you read the scroll of blinking, it crumbles to dust.
The shadow imp shouts, "Decamp, thou bawdy folly-fallen gudgeon!"
Ijyb zaps a wand.
Your mind is blasted!
You die...

...##.......#
...##.......## !
#..#$........##
...#.#.....@....#
...#............##
....#..##g####...#
....><.##.# #...#
o.........####.5.#
................@#
........5....#...##
..........$.........#
.............#...O...
#......g.....5....♣♣♣
........Oo...#...♣..
.....5...wg.5#.g.♣§≈≈
.......55..o.#..§♣§§.
#.....#########..♣ .


You could see an ogre, Ijyb, an orc wizard, a shadow imp (summoned), a dart
slug, an orc, a friendly iron imp (summoned, wandering) and a friendly crimson
imp (summoned).

Vanquished Creatures
  Edmund (D:3)
  An ogre (D:4)
  A jelly (D:4)
  A hound (D:3)
  Jessica (D:2)
  3 adders (D:2)
  4 gnolls (D:3)
  An adder skeleton (D:4)
  3 dart slugs
  2 orcs
  3 bats
  3 endoplasms
  2 giant cockroaches
  8 goblins
  3 hobgoblins
  3 jackals (D:3)
  7 quokkas
  7 ball pythons
  3 frilled lizards
  5 kobolds
  2 rats
64 creatures vanquished.

Vanquished Creatures (collateral kills)
  An ogre (D:3)
  A hound (D:4)
  Crazy Yiuf (D:2)
  A worm (D:3)
  A dart slug (D:3)
  2 orcs (D:4)
  3 goblins
  A hobgoblin (D:3)
  A jackal (D:3)
  A rat (D:2)
13 creatures vanquished.

Grand Total: 77 creatures vanquished

Notes
Turn   | Place    | Note
-------+----------+-------------------------------------------
     0 | D:1      | zxcv the Djinni Hedge Wizard began the quest for the Orb.
     0 | D:1      | Reached XP level 1. HP: 15/15 MP: 0/0
   323 | D:1      | Reached XP level 2. HP: 19/21 MP: 0/0
   805 | D:1      | Reached skill level 3 in Spellcasting
   821 | D:1      | Reached XP level 3. HP: 3/25 MP: 0/0
   821 | D:1      | Learned a level 1 spell: Summon Small Mammal
  1365 | D:1      | Found a faded altar of an unknown god.
  1851 | D:2      | Reached XP level 4. HP: 5/31 MP: 0/0
  2115 | D:2      | Noticed Jessica
  2120 | D:2      | Killed Jessica
  2493 | D:2      | Found a runed translucent door.
  2494 | D:2      | Noticed Crazy Yiuf
  2532 | D:2      | Killed Crazy Yiuf
  2533 | D:2      | Reached skill level 4 in Spellcasting
  2533 | D:2      | Reached XP level 5. HP: 16/35 MP: 0/0
  2533 | D:2      | Learned a level 2 spell: Searing Ray
  2736 | D:3      | Noticed an ogre
  4041 | D:3      | Killed an ogre
  4042 | D:3      | Reached XP level 6. HP: 13/40 MP: 0/0
  4762 | D:4      | Noticed an ogre
  4774 | D:4      | Noticed Eustachio
  4780 | D:3      | HP: 1/40 [hound (5)]
  5065 | D:3      | Reached skill level 5 in Spellcasting
  5088 | D:4      | Noticed Edmund
  5231 | D:3      | Killed Edmund
  5232 | D:3      | Reached XP level 7. HP: 14/45 MP: 0/0
  5232 | D:3      | Learned a level 3 spell: Frozen Ramparts
  5443 | D:4      | Noticed Ijyb
  5663 | D:4      | Found a shadowy altar of Dithmenos.
  5665 | D:4      | Blown up by Ijyb

Illustrated notes

Levels and vault maps discovered:
D:1:      dpeg_arrival_tiny_a, layout_loops_cross,
          shapermc_ecumenical_altar_pompeii
D:2:      layout_rooms, st_stairs_1, uniq_crazy_yiuf_cottage, uniq_jessica
D:3:      layout_loops_ring, nrook_campfire
D:4:      layout_rooms, mainiacjoe_overflow_catwalk_spiral,
          mainiacjoe_overflow_paths, minmay_temple_entry_purple_smoke,
          uniq_eustachio, uniq_ijyb, uniq_edmund

Skill      XL: |  1  2  3  4  5  6  7 |
---------------+----------------------+-----
Spellcasting   | 3 4 5 |  5.7
Stealth        | 2 |  2.1
Dodging        | 3 |  3.0
Fighting       | |  0.1

Action                   |  1- 3 |  4- 6 |  7- 9 || total
-------------------------+-------+-------+-------++-------
 Cast: Magic Dart        |    72 |    98 |    10 ||   180
       Call Imp          |     4 |    20 |     6 ||    30
       Mephitic Cloud    |       |    12 |     7 ||    19
       Blink             |       |     5 |     5 ||    10
       Conjure Flame     |       |     1 |       ||     1
       Searing Ray       |       |     8 |       ||     8
       Slow              |       |     4 |       ||     4
       Summon Small Mamm |       |     1 |       ||     1
       Frozen Ramparts   |       |       |     1 ||     1
  Use: Potion            |       |     1 |     1 ||     2
       Scroll            |       |       |     2 ||     2
Armor: Robe              |     2 |     7 |     1 ||    10
Dodge: Dodged            |    14 |    27 |     4 ||    45
